APL (24 & UNDER)
KENOSHA KINGFISH @ SAVANNAH HOGS
07/18/2028
 
TOP OF THE 1ST
Kenosha Kingfish batting - Pitching for Savannah Hogs : RHP Esteban Ramírez
Pitching: RHP Esteban Ramírez
Batting: LHB Marvin Nichols 0-0: Ball
1-0: Foul Ball, location: 2F
1-1: Bunt for hit - play at first, batter OUT! 5-3
Batting: RHB Esteban Ayala 0-0: Called Strike
0-1: Ball
1-1: Foul Ball, location: 2F
1-2: Fly out, F4 (Line Drive, 4M)
Batting: LHB Ernesto Meléndez 0-0: Ball
1-0: Ground out 4-3 (Groundball, 34)
Top of the 1st over - 0 run(s), 0 hit(s), 0 error(s), 0 left on base; Kenosha 0 - Savannah 0
BOTTOM OF THE 1ST
Savannah Hogs batting - Pitching for Kenosha Kingfish : RHP Paul Lorenzo
Pitching: RHP Paul Lorenzo
Batting: RHB Ramón Gómez 0-0: Foul Ball, location: 2F
0-1: Foul Ball, location: 2F
0-2: Ground out 5-3 (Groundball, 56)
Batting: RHB Marlon Hernández 0-0: Called Strike
0-1: Called Strike
0-2: Ball
1-2: Ground out 6-3 (Groundball, 6)
Batting: RHB Henry Haines 0-0: Called Strike
0-1: Foul Ball, location: 2F
0-2: Strikes out swinging
Bottom of the 1st over - 0 run(s), 0 hit(s), 0 error(s), 0 left on base; Kenosha 0 - Savannah 0
TOP OF THE 2ND
Kenosha Kingfish batting - Pitching for Savannah Hogs : RHP Esteban Ramírez
Batting: RHB Alejandro Ramírez 0-0: Ball
1-0: Called Strike
1-1: Ball
2-1: Ground out 6-3 (Groundball, 6)
Batting: RHB Millard Ferguson 0-0: Swinging Strike
0-1: Fly out, F8 (Flyball, 8RM)
Batting: RHB Juan Escalante 0-0: Swinging Strike
0-1: Called Strike
0-2: Ball
1-2: Strikes out looking
Top of the 2nd over - 0 run(s), 0 hit(s), 0 error(s), 0 left on base; Kenosha 0 - Savannah 0
BOTTOM OF THE 2ND
Savannah Hogs batting - Pitching for Kenosha Kingfish : RHP Paul Lorenzo
Batting: SHB Juan Soriano 0-0: Ball
1-0: Ball
2-0: Called Strike
2-1: Ground out 4-3 (Groundball, 4)
Batting: RHB Jorge Chávez 0-0: Ball
1-0: Swinging Strike
1-1: Swinging Strike
1-2: Strikes out looking
Batting: LHB Marv Gardner 0-0: Called Strike
0-1: SINGLE (Groundball, 34D)
Batting: LHB Miguel Medellín 0-0: Swinging Strike
0-1: SINGLE (Line Drive, 56D)
Marv Gardner to second
Batting: LHB Guillermo Santos 0-0: Called Strike
0-1: Ball
1-1: Foul Ball, location: 2F
1-2: Foul Ball, location: 2F
1-2: Ball
2-2: Ball
3-2: Base on Balls
Marv Gardner to third
Miguel Medellín to second
Batting: LHB António Gutiérrez 0-0: Ball
1-0: Called Strike
1-1: Foul Ball, location: 2F
1-2: Ball
2-2: Foul Ball, location: 2F
2-2: GRAND SLAM HOME RUN (Flyball, 89XD), Distance : 402 ft
Batting: RHB Ramón Gómez 0-0: Ball
1-0: Ball
2-0: Called Strike
2-1: Called Strike
2-2: Foul Ball, location: 2F
2-2: Ground out 4-3 (Groundball, 4)
Bottom of the 2nd over - 4 run(s), 3 hit(s), 0 error(s), 0 left on base; Kenosha 0 - Savannah 4
TOP OF THE 3RD
Kenosha Kingfish batting - Pitching for Savannah Hogs : RHP Esteban Ramírez
Batting: SHB Alonso Contrera 0-0: Called Strike
0-1: Ball
1-1: Ground out 1-3 (Groundball, 15S)
Batting: RHB Ben Kearley 0-0: Ball
1-0: Ball
2-0: Foul Ball, location: 2F
2-1: Swinging Strike
2-2: Strikes out swinging
Batting: RHB Doug Lutz 0-0: Swinging Strike
0-1: SINGLE (Groundball, 56D)
Batting: LHB Marvin Nichols 0-0: Ball
Doug Lutz is caught stealing 2nd base
Top of the 3rd over - 0 run(s), 1 hit(s), 0 error(s), 0 left on base; Kenosha 0 - Savannah 4
BOTTOM OF THE 3RD
Savannah Hogs batting - Pitching for Kenosha Kingfish : RHP Paul Lorenzo
Batting: RHB Marlon Hernández 0-0: Foul Ball, location: 2F
0-1: Swinging Strike
0-2: Ball
1-2: Foul Ball, location: 2F
1-2: Strikes out swinging
Batting: RHB Henry Haines 0-0: Ground out 6-3 (Groundball, 6)
Batting: SHB Juan Soriano 0-0: Fly out, F7 (Line Drive, 78M)
Bottom of the 3rd over - 0 run(s), 0 hit(s), 0 error(s), 0 left on base; Kenosha 0 - Savannah 4
TOP OF THE 4TH
Kenosha Kingfish batting - Pitching for Savannah Hogs : RHP Esteban Ramírez
Batting: LHB Marvin Nichols 0-0: Called Strike
0-1: Fly out, F7 (Flyball, 7S)
Batting: RHB Esteban Ayala 0-0: Called Strike
0-1: Called Strike
0-2: Foul Ball, location: 2F
0-2: Ground out 6-3 (Groundball, 56)
Batting: LHB Ernesto Meléndez 0-0: Ball
1-0: Swinging Strike
1-1: SINGLE (Line Drive, 3)
Batting: RHB Alejandro Ramírez 0-0: Ball
1-0: Called Strike
1-1: Called Strike
1-2: Strikes out swinging
Top of the 4th over - 0 run(s), 1 hit(s), 0 error(s), 1 left on base; Kenosha 0 - Savannah 4
BOTTOM OF THE 4TH
Savannah Hogs batting - Pitching for Kenosha Kingfish : RHP Paul Lorenzo
Batting: RHB Jorge Chávez 0-0: Called Strike
0-1: SINGLE (Groundball, 4MD)
Batting: LHB Marv Gardner 0-0: Swinging Strike
0-1: Foul Ball, location: 2F
0-2: Strikes out swinging
Batting: LHB Miguel Medellín 0-0: DOUBLE (Line Drive, 8LM)
Jorge Chávez to third
Runner from 3rd tries for Home, SAFE, no throw
Batting: LHB Guillermo Santos 0-0: Called Strike
0-1: SINGLE (Line Drive, 3D)
Miguel Medellín to third
Runner from 3rd tries for Home, SAFE, no throw
Pitching: RHP Ramón Árias
Batting: LHB António Gutiérrez 0-0: Foul Ball, location: 2F
0-1: Ball
1-1: Foul Ball, location: 2F
1-2: Foul Ball, location: 2F
1-2: Grounds into double play, 6-4-3 (Groundball, 6)
Bottom of the 4th over - 2 run(s), 3 hit(s), 0 error(s), 0 left on base; Kenosha 0 - Savannah 6
TOP OF THE 5TH
Kenosha Kingfish batting - Pitching for Savannah Hogs : RHP Esteban Ramírez
Batting: RHB Millard Ferguson 0-0: Ball
1-0: Ball
2-0: Called Strike
2-1: Ball
3-1: Base on Balls
Batting: RHB Juan Escalante 0-0: Ball
1-0: Fielders Choice at 2nd, 4-6 (Groundball, 4)
Batting: SHB Alonso Contrera 0-0: Ground out 5-3 (Groundball, 25)
Juan Escalante to second
Batting: RHB Ben Kearley 0-0: Ball
1-0: Ball
2-0: Foul Ball, location: 2F
2-1: Ball
3-1: Swinging Strike
3-2: Base on Balls
Batting: RHB Doug Lutz 0-0: Called Strike
0-1: Swinging Strike
0-2: Ball
1-2: Ball
2-2: Fly out, F6 (Flyball, 56D)
Top of the 5th over - 0 run(s), 0 hit(s), 0 error(s), 2 left on base; Kenosha 0 - Savannah 6
BOTTOM OF THE 5TH
Savannah Hogs batting - Pitching for Kenosha Kingfish : RHP Ramón Árias
Batting: RHB Ramón Gómez 0-0: Ball
1-0: Ground out 4-3 (Groundball, 34)
Batting: RHB Marlon Hernández 0-0: Called Strike
0-1: Called Strike
0-2: SINGLE (Flyball, 78S)
Batting: RHB Henry Haines 0-0: Ball
1-0: Grounds into double play, 6-4-3 (Groundball, 56)
Bottom of the 5th over - 0 run(s), 1 hit(s), 0 error(s), 0 left on base; Kenosha 0 - Savannah 6
TOP OF THE 6TH
Kenosha Kingfish batting - Pitching for Savannah Hogs : RHP Esteban Ramírez
Batting: LHB Marvin Nichols 0-0: Called Strike
0-1: Called Strike
0-2: Strikes out swinging
Batting: RHB Esteban Ayala 0-0: Foul Ball, location: 2F
0-1: Ball
1-1: Ball
2-1: Called Strike
2-2: Ground out 1-3 (Groundball, 13S)
Batting: LHB Ernesto Meléndez 0-0: Ball
1-0: Fly out, F4 (Popup, 34)
Top of the 6th over - 0 run(s), 0 hit(s), 0 error(s), 0 left on base; Kenosha 0 - Savannah 6
BOTTOM OF THE 6TH
Savannah Hogs batting - Pitching for Kenosha Kingfish : RHP Ramón Árias
Batting: SHB Juan Soriano 0-0: Ball
1-0: Called Strike
1-1: Swinging Strike
1-2: Foul Ball, location: 2F
1-2: DOUBLE (Line Drive, 78M)
Batting: RHB Jorge Chávez 0-0: Ball
1-0: Called Strike
1-1: Ball
2-1: Ground out 5-3 (Groundball, 56)
Batting: LHB Marv Gardner 0-0: Called Strike
0-1: Ball
1-1: DOUBLE (Line Drive, 89XD)
Juan Soriano scores
Batting: LHB Miguel Medellín 0-0: Called Strike
0-1: Called Strike
0-2: Ground out 6-3 (Groundball, 6)
Batting: LHB Guillermo Santos 0-0: Ball
1-0: Called Strike
1-1: Swinging Strike
1-2: Ball
2-2: Strikes out swinging
Bottom of the 6th over - 1 run(s), 2 hit(s), 0 error(s), 1 left on base; Kenosha 0 - Savannah 7
TOP OF THE 7TH
Kenosha Kingfish batting - Pitching for Savannah Hogs : RHP Esteban Ramírez
Batting: RHB Alejandro Ramírez 0-0: Ball
1-0: Ball
2-0: Foul Ball, location: 2F
2-1: Ball
3-1: Foul Ball, location: 2F
3-2: Single, Error in OF, E8, batter to second base
Batting: RHB Millard Ferguson 0-0: DOUBLE (Flyball, 8LD)
Alejandro Ramírez scores
Batting: RHB Juan Escalante 0-0: Ball
1-0: Called Strike
1-1: Ball
2-1: Called Strike
2-2: Ground out 6-3 (Groundball, 6M)
Millard Ferguson to third
Batting: SHB Alonso Contrera 0-0: Called Strike
0-1: Fly out, F7 (Line Drive, 7)
Runner from 3rd tags up, SCORES, throw made
Batting: RHB Ben Kearley 0-0: Called Strike
0-1: Foul Ball, location: 2F
0-2: Ball
1-2: Ball
2-2: SINGLE (Groundball, 56D)
Pitching: RHP Manuel Silva
Batting: RHB Doug Lutz 0-0: Called Strike
0-1: Called Strike
0-2: Ball
1-2: Foul Ball, location: 2F
1-2: Foul Ball, location: 2F
1-2: Foul Ball, location: 2F
1-2: Foul Ball, location: 2F
1-2: Fielders Choice at 2nd, 4-6 (Groundball, 4)
Top of the 7th over - 2 run(s), 3 hit(s), 1 error(s), 0 left on base; Kenosha 2 - Savannah 7
BOTTOM OF THE 7TH
Savannah Hogs batting - Pitching for Kenosha Kingfish : RHP Ramón Árias
Batting: LHB António Gutiérrez 0-0: Called Strike
0-1: Ball
1-1: SINGLE (Groundball, 34D)
Batting: RHB Ramón Gómez 0-0: Ball
1-0: Ball
Wild Pitch!
António Gutiérrez to second
2-0: Called Strike
2-1: Ball
3-1: Swinging Strike
3-2: Foul Ball, location: 2F
3-2: Foul Ball, location: 2F
3-2: Strikes out swinging
Pitching: LHP Javier Robles
Batting: RHB Marlon Hernández 0-0: Ball
1-0: SINGLE (Flyball, 8RS)
António Gutiérrez to third
Batting: RHB Henry Haines 0-0: Swinging Strike
0-1: Ball
1-1: Ball
2-1: Called Strike
2-2: Foul Ball, location: 2F
2-2: Foul Ball, location: 2F
2-2: Strikes out swinging
Batting: SHB Juan Soriano 0-0: Called Strike
0-1: Ball
1-1: Foul Ball, location: 2F
1-2: Strikes out swinging
Bottom of the 7th over - 0 run(s), 2 hit(s), 0 error(s), 2 left on base; Kenosha 2 - Savannah 7
TOP OF THE 8TH
Kenosha Kingfish batting - Pitching for Savannah Hogs : RHP Manuel Silva
Batting: LHB Marvin Nichols 0-0: Fly out, F7 (Flyball, 78D)
Batting: RHB Esteban Ayala 0-0: Ball
1-0: Ball
2-0: Ball
3-0: Called Strike
3-1: Fly out, F8 (Flyball, 8LM)
Batting: LHB Ernesto Meléndez 0-0: Ball
1-0: Ball
2-0: Called Strike
2-1: Ball
3-1: Base on Balls
Batting: RHB Alejandro Ramírez 0-0: Foul Ball, location: 2F
0-1: Ground out 6-3 (Groundball, 56)
Top of the 8th over - 0 run(s), 0 hit(s), 0 error(s), 1 left on base; Kenosha 2 - Savannah 7
BOTTOM OF THE 8TH
Savannah Hogs batting - Pitching for Kenosha Kingfish : LHP Javier Robles
Batting: RHB Jorge Chávez 0-0: Ball
1-0: Ball
2-0: Called Strike
2-1: Ball
3-1: Swinging Strike
3-2: Fly out, F9 (Flyball, 9D)
Batting: LHB Marv Gardner 0-0: Ball
1-0: Foul Ball, location: 2F
1-1: Swinging Strike
1-2: Strikes out swinging
Batting: LHB Miguel Medellín 0-0: Ball
1-0: Called Strike
1-1: SINGLE (Line Drive, 78S)
Batting: LHB Guillermo Santos 0-0: Ground out U3 (Groundball, 3)
Bottom of the 8th over - 0 run(s), 1 hit(s), 0 error(s), 1 left on base; Kenosha 2 - Savannah 7
TOP OF THE 9TH
Kenosha Kingfish batting - Pitching for Savannah Hogs : RHP Manuel Silva
Now at 1B: Ernesto Gómez
Batting: RHB Millard Ferguson 0-0: Foul Ball, location: 2F
0-1: Ground out U3 (Groundball, 3)
Batting: RHB Juan Escalante 0-0: Called Strike
0-1: Called Strike
0-2: Foul Ball, location: 2F
0-2: Ball
1-2: Ball
2-2: Ball
3-2: Strikes out swinging
Batting: SHB Alonso Contrera 0-0: Ball
1-0: Foul Ball, location: 2F
1-1: Ball
2-1: SINGLE (Groundball, 34D)
Batting: RHB Ben Kearley 0-0: Fly out, F8 (Flyball, 78D)
Top of the 9th over - 0 run(s), 1 hit(s), 0 error(s), 1 left on base; Kenosha 2 - Savannah 7
Tuesday, August 8th, 2017 - OOTP Baseball 17.12 Build 75